 Dungeon Crawl Stone Soup version 0.27.0-66-gdc8fb28755 (webtiles) character file.

Game seed: 13749900109571292480

37 VictoriousLee the Slasher (level 3, -4/29 HPs)
             Began as a Barachi Fighter on Aug 19, 2021.
             Slain by a scorpion (5 damage)
             ... on level 5 of the Dungeon.
             The game lasted 00:05:54 (1682 turns).

VictoriousLee the Slasher (Barachi Fighter)         Turns: 1682, Time: 00:05:54

Health: -4/29      AC: 10    Str: 18    XL:     3   Next: 39%
Magic:  3/3        EV:  4    Int:  8    God:
Gold:   118        SH:  9    Dex: 17    Spells: 2/2 levels left

rFire    . . .     SeeInvis .   a - +0 long sword
rCold    . . .     Faith    .   c - +0 kite shield
rNeg     . . .     Spirit   .   n - +0 chain mail
rPois    .         Reflect  .   q - +0 helmet
rElec    .         Harm     .   (no cloak)
rCorr    .         Rampage  .   (no gloves)
Will     .....                  (no boots)
Stlth    ..........             (no amulet)
HPRegen  0.09/turn              f - +6 ring of dexterity
MPRegen  0.08/turn              (no ring)

@: lethally poisoned (-4 -> -30), slow
A: amphibious, slowness 1, strong legs 1, +LOS
a: Hop


You were on level 5 of the Dungeon.
You visited 1 branch of the dungeon, and saw 4 of its levels.

You collected 118 gold pieces.

Inventory:

Hand Weapons
 a - a +0 long sword (weapon)
 k - a +0 dagger
 u - a +0 scimitar
Missiles
 l - 43 stones
 t - 15 bolts
Armour
 b - a +0 scale mail
 c - a +0 kite shield (worn)
 m - a +0 ring mail
 n - a +0 chain mail (worn)
 q - a +0 helmet (worn)
Magical Staves
 s - a staff of death
Jewellery
 f - a +6 ring of dexterity (left hand)
 o - a ring of willpower
 v - a ring of willpower
Scrolls
 e - a scroll of acquirement {unknown}
 g - a scroll of fear {unknown}
 h - a scroll of teleportation {unknown}
 p - a scroll of identify {unknown}
 r - 2 scrolls of fog {unknown}
Potions
 d - a potion of might
 i - a potion of lignification {unknown}
 j - a potion of degeneration {unknown}


   Skills:
 - Level 3.6 Fighting
 + Level 4.5 Long Blades
 - Level 3.6 Armour
 - Level 3.2 Shields


You had 2 spell levels left.
You didn't know any spells.
Your spell library was empty.

Dungeon Overview and Level Annotations

Branches:
Dungeon (5/15)
 Temple: D:4-7

Altars:
Dithmenos


Innate Abilities, Weirdness & Mutations

You are amphibious.
You cover ground slowly.
You can hop short distances.
You have an extended range of vision and can be seen from far away.


Message History

You hit the quokka.
You kill the quokka!
A scorpion comes into view.
You hit the scorpion but do no damage. You block the scorpion's attack.
The scorpion stings you but does no damage.
You slash the scorpion!
The scorpion is moderately wounded.
The scorpion stings you but does no damage.
Your shield prevents you from hitting the scorpion.
The scorpion is moderately wounded.
The scorpion stings you but does no damage. x2
You closely miss the scorpion.
The scorpion is moderately wounded.
The scorpion stings you!
You are poisoned.
The scorpion poisons you!
The scorpion stings you but does no damage.
You hit the scorpion.
The scorpion is heavily wounded.
You feel very sick. The scorpion stings you. You block the scorpion's attack.
Your shield and chain mail prevent you from hitting the scorpion.
The scorpion is heavily wounded.
You feel very sick.
The scorpion stings you but does no damage.
You hit the scorpion.
The scorpion is severely wounded.
You feel sick. The scorpion stings you.
* * * LOW HITPOINT WARNING * * *
You are lethally poisoned!
The scorpion poisons you! The scorpion barely misses you.
You barely miss the scorpion.
The scorpion is severely wounded.
* * * LOW HITPOINT WARNING * * *
You feel very sick. The scorpion stings you.
* * * LOW HITPOINT WARNING * * *
You are more poisoned.
The scorpion poisons you! The scorpion stings you.
You die...

...##.....##..### #...
................# #...
#.........##..# #...
##..._...## #.# #...
#..##.........##..# #...
#.................###...
#..##.....##..#.......
#. ##..#..# #.#.####.. #
#.@###..# .# #.....
#....s# #.... # #.##..
####... ..###.# #.#...
#......# .#.#.#...
..#....# #......... #.#
#...# #......... .. ...#
#......... ### ####
#.#.#.#.## # #.#.#.#


You could see a scorpion.

Vanquished Creatures
  2 dart slugs (D:2)
  An orc (D:4)
  3 endoplasms
  5 goblins
  5 hobgoblins
  3 jackals (D:1)
  A kobold (D:1)
  A quokka (D:5)
  4 ball pythons
  2 rats (D:1)
27 creatures vanquished.

Notes
Turn   | Place    | Note
-------+----------+-------------------------------------------
     0 | D:1      | VictoriousLee the Barachi Fighter began the quest for the
                  | Orb.
     0 | D:1      | Reached XP level 1. HP: 18/18 MP: 1/1
   110 | D:1      | Reached skill level 3 in Long Blades
   114 | D:1      | Reached XP level 2. HP: 21/24 MP: 2/2
   672 | D:1      | Reached skill level 4 in Long Blades
   966 | D:2      | Reached XP level 3. HP: 29/29 MP: 3/3
  1339 | D:2      | You fall into a shaft and drop 2 floors!
  1339 | D:4      | Noticed a black bear
  1360 | D:5      | Entered Level 5 of the Dungeon
  1651 | D:5      | Found a shadowy altar of Dithmenos.
  1671 | D:5      | Noticed a scorpion
  1682 | D:5      | HP: 1/29 [scorpion (2)]
  1682 | D:5      | Slain by a scorpion

Illustrated notes

Levels and vault maps discovered:
D:1:      ebering_hopf_link, layout_loops_ring, st_stairs_8,
          hangedman_decor_points
D:2:      layout_basic, moated_statue
D:4:      layout_basic, mainiacjoe_overflow_concentric_impassable, zin_statuary,
          kennysheep_small_circle
D:5:      layout_basic, mainiacjoe_overflow_24_doors,
          nicolae_dithmenos_shadow_blocks, grunt_temple_overflow_open,
          minmay_temple_entry_fiery, serial_shops, nicolae_square_shop,
          uniq_blork_the_orc

Skill      XL: |  1  2 |
---------------+-------+-----
Long Blades    | 3 4 |  4.5
Fighting       | |  3.6
Armour         | |  3.6
Shields        | |  3.2

Action                   || total
-------------------------++-------
Melee: Long sword        ||    90
Armor: Scale mail        ||    14
       Chain mail        ||    31
Dodge: Dodged            ||    16
Block: Kite shield       ||    49
       Rpst.: Long sword ||     5
